 Dungeon Crawl Stone Soup version 0.29.1-15-g9cfb28693d (webtiles) character file.

Game seed: 4678029618937052057

177 Smoke131 the Firebug (level 5, -4/38 HPs)
             Began as a Draconian Fire Elementalist on Feb 25, 2023.
             Killed from afar by an orc wizard (11 damage)
             ... with a magic dart
             ... on level 4 of the Dungeon.
             The game lasted 00:08:23 (3514 turns).

Smoke131 the Firebug (Draconian Fire Elementalist)  Turns: 3514, Time: 00:08:24

Health: -4/38      AC:  6    Str: 11    XL:     5   Next: 31%
Magic:  4/9        EV: 12    Int: 17    God:
Gold:   167        SH:  0    Dex: 11    Spells: 7/10 levels left

rFire   . . .      SeeInvis .   j - +2 dagger (drain)
rCold   . . .      Faith    .   (no shield)
rNeg    . . .      Spirit   .   (body armour unavailable)
rPois   +          Reflect  .   (helmet restricted)
rElec   .          Harm     .   (no cloak)
rCorr   .          Rampage  .   f - +0 pair of gloves
Will    .....                   (no boots)
Stlth   ++........              (no amulet)
HPRegen 0.12/turn               c - ring of poison resistance
MPRegen 0.11/turn               (no ring)

@: no status effects
A: AC +5, unfitting armour, cold-blooded
a: no special abilities


You were on level 4 of the Dungeon.
You visited 1 branch of the dungeon, and saw 4 of its levels.

You collected 167 gold pieces.

Inventory:

Hand Weapons
 j - a +2 dagger of draining (weapon)
Armour
 f - a +0 pair of gloves (worn)
Jewellery
 c - a ring of poison resistance (left hand)
Scrolls
 l - a scroll of enchant weapon {unknown}
Potions
 a - a potion of magic
 b - a potion of heal wounds
 d - a potion of berserk rage {unknown}
 e - 2 potions of might {unknown}
 g - a potion of lignification {unknown}
 i - 2 potions of flight


   Skills:
 + Level 3.0 Dodging
 - Level 1.7 Stealth
 + Level 3.0 Spellcasting
 + Level 2.6 Conjurations
 + Level 3.9 Fire Magic


You had 7 spell levels left.
You knew the following spells:

 Your Spells              Type           Power      Damage    Failure   Level
a - Foxfire               Conj/Fire      52%        2x1d6     4%          1
b - Scorch                Fire           32%        2d6       5%          2

Your spell library contained the following spells:

 Spells                   Type           Power      Damage    Failure   Level
 Conjure Flame            Conj/Fire      13%        6-21      13%         3
 Inner Flame              Hex/Fire       9%         N/A       24%         3
 Sublimation of Blood     Necr           2%         N/A       26%         2
 Ignite Poison            Fire/Tmut/Pois 7%         N/A       30%         3
 Flame Wave               Conj/Fire      13%        2d6       41%         4
 Sticky Flame             Conj/Fire      13%        2d4       41%         4
 Petrify                  Tmut/Erth      2%         N/A       86%         4
 Irradiate                Conj/Tmut      3%         3d12      95%         5


Dungeon Overview and Level Annotations

Branches:
Dungeon (4/15)
 Temple: D:4-7

Altars:


Innate Abilities, Weirdness & Mutations

Your plain brown scales are hard. (AC +5)
You cannot fit into any form of body armour.
You are cold-blooded and may be slowed by cold attacks.


Message History

You hear some strange, mumbled words.
A magic dart appears from out of thin air!
The magic dart hits you!
You bump into the rock wall.
Something hits you but does no damage.
You miss something.
You feel less confused. Something hits you but does no damage.
You miss something.
Your tail-slap misses something.
Something barely misses you.
You hit something but do no damage. Something hits you.
You barely miss something. Something hits you.
You hit something but do no damage. You punch something.
Something hits you but does no damage.
Casting: Scorch (safe; 5% risk of failure)
Confirm with . or Enter, or press ? or * to list all spells.
You can't see any susceptible monsters within range! (Use Z to cast anyway.)
Casting: Scorch (safe; 5% risk of failure)
Confirm with . or Enter, or press ? or * to list all spells.
You conjure some foxfire!
Something hits you.
Casting: Foxfire (safe; 4% risk of failure)
Confirm with . or Enter, or press ? or * to list all spells.
Nothing appears to happen.
The foxfire hits something but does no damage.
Something hits you but does no damage.
Casting: Foxfire (safe; 4% risk of failure)
Confirm with . or Enter, or press ? or * to list all spells.
You conjure some foxfire!
Something hits you but does no damage.
Casting: Foxfire (safe; 4% risk of failure)
Confirm with . or Enter, or press ? or * to list all spells.
Nothing appears to happen.
The foxfire hits something.
Something hits you but does no damage.
Casting: Foxfire (safe; 4% risk of failure)
Confirm with . or Enter, or press ? or * to list all spells.
You conjure some foxfire!
Something hits you!
* * * LOW HITPOINT WARNING * * *
Your foxfire dissipates!
The foxfire hits something.
A magic dart appears from out of thin air!
The magic dart hits you!
You die...

##### #.'.....#~.,,,,~*
###.....#..,,,,~~
#........,,,,,~
##########.....#..,,,,,,
#.............##*ยง,~~,,,
#.#...############,,~,,,
#.#...#[{.).......,,,,,,
#.#...#.##########**,,,,
#.#...#@#*,*,,,,,,,,*,,,
#.#...#.#*,*,,*****,*,,*
#.+...'.#*,,,,,,,,*,*,,*
###...###*,*,,,,*,*,*,,*
#...# *,****,*,*,*,,*
#...# *,,,,,,,,*,,,,*
#...# ******,******,*
#####***** *,* *,*
*,,,,,,,,* *,* *,*


There were no monsters in sight!

Vanquished Creatures
  A scorpion (D:4)
  An iguana (D:4)
  3 adders
  An ufetubus (D:4)
  A worm (D:2)
  2 dart slugs
  An orc (D:4)
  6 endoplasms
  A giant cockroach (D:3)
  4 goblins
  8 hobgoblins
  2 jackals (D:1)
  5 kobolds
  A quokka (D:1)
  7 ball pythons
  5 bats
  A frilled lizard (D:1)
  3 rats
53 creatures vanquished.

Vanquished Creatures (others)
  77 foxfires
77 creatures vanquished.

Grand Total: 130 creatures vanquished

Notes
Turn   | Place    | Note
-------+----------+-------------------------------------------
     0 | D:1      | Smoke131 the Draconian Fire Elementalist began the quest
                  | for the Orb.
     0 | D:1      | Reached XP level 1. HP: 14/14 MP: 3/3
   190 | D:1      | Reached XP level 2. HP: 20/20 MP: 1/5
   193 | D:1      | Learned a level 2 spell: Scorch
   997 | D:1      | Reached XP level 3. HP: 17/26 MP: 6/6
  2263 | D:2      | Found a faded altar of an unknown god.
  2310 | D:3      | Reached XP level 4. HP: 33/33 MP: 0/7
  3129 | D:4      | Noticed a scorpion
  3137 | D:4      | Killed a scorpion
  3254 | D:4      | Reached XP level 5. HP: 38/38 MP: 2/9
  3514 | D:4      | Killed from afar by an orc wizard

Illustrated notes

Levels and vault maps discovered:
D:1:      noname_arrival_rooms_in_the_neighbourhood, layout_basic
D:2:      layout_basic, ebering_ecumenical_altar_sacrificial
D:3:      layout_basic
D:4:      layout_basic, kennysheep_decorative_pillar,
          chequers_serial_rivers_marsh

Skill      XL: |  1  2  3  4  5 |
---------------+----------------+-----
Dodging        | 2 3 |  3.0
Conjurations   | 2 |  2.6
Spellcasting   | 3 |  3.0
Stealth        | |  1.7
Fire Magic     | |  3.9

Action                   |  1- 3 |  4- 6 || total
-------------------------+-------+-------++-------
Melee: Unarmed           |     7 |       ||     7
       Whip              |    72 |       ||    72
       Tailslap          |    13 |     5 ||    18
       Dagger            |     9 |    27 ||    36
       Punch             |     1 |     1 ||     2
 Cast: Foxfire           |    40 |    11 ||    51
       Scorch            |       |     6 ||     6
  Use: Scroll            |       |     4 ||     4
 Stab: Sleeping          |     3 |       ||     3
Armor: Skin              |    37 |    19 ||    56
Dodge: Dodged            |    71 |    29 ||   100
